Map: Sanctuary III LE

Players

GhostRobo - Winner!

  • Race: Terran Terran
  • Spawn Location: 1:00

A.I. 1 (Elite)

  • Race: Terran Terran
  • Spawn Location: 7:00

VOD

Have the link to the VOD?

Description

Time

  • Played on: July 2, 2026, 8:29 a.m.
  • Length: 15:37
Show
View Real Time Build Order
Export as new Build Order

GhostRobo Terran - Winner!

Build Orders: Reaper Expand 

Get SALT Encoding   

  8  0:00  SCV  
  9  0:13  SCV  
  10  0:26  SCV  
  11  0:32  Supply Depot  
  11  0:40  SCV  
  12  0:53  SCV  
  13  0:59  Barracks  
  13  1:05  Refinery  
  13  1:08  SCV  
  14  1:22  SCV  
  15  1:36  SCV  
  16  1:48  SCV  
  17  1:54  Reaper  
  17  2:00  Orbital Command  
  18  2:16  Command Center  
  18  2:32  Supply Depot  
  18  2:34  SCV  
  19  2:45  Marine  
  19  2:46  SCV  
  19  2:48  Factory  
  21  2:58  SCV  
  22  3:10  SCV  
  23  3:26  Barracks Reactor  
  23  3:41  Factory Tech Lab  
  23  3:45  Orbital Command  
  23  3:46  Starport  
  23  3:49  SCV  
  23  3:54  Refinery  
  24  4:01  SCV  
  25  4:13  SCV  
  26  4:18  Marine x2  
  26  4:20  Siege Tank  
  31  4:25  SCV  
  32  4:32  SCV  
  32  4:36  Marine  
  32  4:37  SCV  
  35  4:44  SCV  
  36  4:49  Marine, SCV  
  36  4:52  Medivac  
  40  4:54  Marine  
  40  4:56  SCV  
  42  5:01  Refinery  
  42  5:08  Supply Depot x2  
  42  5:10  Supply Depot  
  42  5:29  SCV x2, Marine x2, Siege Tank  
  48  5:36  Starport Reactor  
  48  5:41  SCV x2  
  50  5:47  Marine x2  
  52  5:53  SCV, Barracks  
  52  5:54  SCV  
  52  5:55  Barracks  
  54  6:04  Engineering Bay  
  54  6:05  Marine x2, SCV  
  54  6:06  SCV  
  54  6:07  Engineering Bay  
  58  6:13  Refinery  
  58  6:16  Siege Tank  
  58  6:17  SCV  
  58  6:18  SCV, Medivac  
  65  6:23  Marine  
  66  6:32  Supply Depot  
  66  6:33  Supply Depot  
  66  6:41  Barracks Tech Lab  
  66  6:42  Barracks Tech Lab  
  66  6:53  Marine x2, Medivac, SCV, Siege Tank  
  74  6:54  SCV  
  75  7:05  SCV  
  75  7:06  SCV  
  77  7:11  Marine x2  
  77  7:12  Terran Infantry Weapons Level 1, Terran Infantry Armor Level 1  
  77  7:13  Marine x2  
  81  7:17  Command Center, SCV  
  82  7:28  Supply Depot x2  
  82  7:49  Marine x2, Medivac, SCV, Siege Tank  
  82  7:50  Marine, SCV, Marauder  
  94  7:56  Supply Depot  
  94  7:57  Supply Depot  
  94  8:02  SCV, Armory  
  95  8:06  SCV  
  95  8:07  Marine x2  
  98  8:17  Marine x2, Barracks  
  98  8:18  Barracks  
  98  8:19  Barracks, Supply Depot  
  100  8:21  Supply Depot  
  100  8:25  Marine  
  101  8:33  Orbital Command  
  101  8:35  Marauder  
  101  8:38  SCV  
  101  8:39  SCV  
  105  8:50  Terran Vehicle Weapons Level 1, SCV  
  105  8:51  SCV  
  105  8:54  Command Center  
  100  9:16  Combat Shield, Stimpack  
  99  9:19  Barracks Tech Lab, Barracks Reactor  
  99  9:20  Barracks Reactor, Marine  
  99  9:21  Marine x2, Marauder  
  99  9:23  Siege Tank  
  107  9:27  Liberator x2  
  113  9:38  Marine  
  113  9:39  Marauder  
  113  9:40  SCV x3  
  113  9:43  Marauder  
  117  9:52  SCV x3  
  117  9:55  Siege Tank  
  120  10:01  Marauder  
  120  10:04  SCV x3  
  125  10:08  Marauder x2, Marine  
  125  10:09  Marine x4  
  134  10:22  Marauder  
  134  10:27  Siege Tank  
  134  10:28  Planetary Fortress  
  139  10:31  SCV x3  
  142  10:40  Refinery  
  140  10:43  SCV x3  
  140  10:45  Refinery  
  136  10:52  Refinery  
  136  10:54  Refinery  
  136  10:55  SCV x3  
  136  10:59  Siege Tank  
  139  11:07  SCV  
  140  11:20  Marine x9  
  149  11:31  Siege Tank  
  149  11:38  Marine x6  
  155  11:42  Marauder  
  155  11:44  Marauder  
  155  11:46  Marauder  
  156  12:05  Siege Tank  
  156  12:13  Supply Depot  
  156  12:14  Supply Depot  
  156  12:15  Supply Depot  
  156  12:16  Supply Depot  
  156  12:17  Supply Depot  
  156  12:20  Supply Depot  
  156  12:34  Marine x8  
  156  12:35  Viking x2  
  156  12:36  Marauder  
  170  12:38  Siege Tank  
  170  12:52  Marine x6  
  170  12:53  Marauder x2  
  170  12:57  Marine  
  181  13:01  Terran Infantry Weapons Level 2  
  181  13:02  Terran Infantry Armor Level 2  
  181  13:03  Terran Vehicle Weapons Level 2  
  181  13:05  Viking x2  
  181  13:10  Siege Tank, Marine x3  
  186  13:14  Marauder x2  
  186  13:15  Marauder  
  188  13:23  Command Center x3  
  188  13:29  Command Center  
  188  13:35  Viking x2, Marauder  
  194  13:42  Siege Tank  
  190  14:05  Viking x2  
  194  14:14  Siege Tank  
  184  14:28  Marine x8  
  184  14:29  Marauder  
  194  14:35  Medivac x2  
  197  14:40  Planetary Fortress  
  197  14:46  Siege Tank  
Show
View Real Time Build Order
Export as new Build Order

A.I. 1 (Elite) Terran 

Build Orders:  

Get SALT Encoding   

  8  0:00  SCV  
  9  0:13  SCV  
  10  0:25  SCV  
  11  0:37  SCV  
  12  0:47  Supply Depot  
  12  0:49  SCV  
  13  1:08  SCV  
  14  1:13  Barracks  
  14  1:17  Refinery  
  14  1:20  SCV  
  16  1:32  SCV  
  16  1:36  Barracks  
  16  1:45  SCV  
  17  1:57  SCV  
  17  2:01  Marine  
  19  2:09  SCV  
  20  2:22  Orbital Command, Barracks  
  20  2:23  Marine  
  21  2:33  Supply Depot  
  21  2:44  Barracks Tech Lab  
  21  2:48  Barracks Tech Lab  
  21  2:55  SCV  
  22  3:02  Marine  
  23  3:06  Marine  
  23  3:07  SCV, Stimpack  
  23  3:08  Marine  
  25  3:15  Concussive Shells  
  25  3:19  SCV  
  26  3:20  Marine  
  26  3:26  Supply Depot  
  27  3:27  Marine  
  27  3:31  Marine  
  29  3:42  Factory  
  29  3:45  Refinery  
  29  3:48  SCV  
  30  4:00  SCV  
  31  4:12  SCV  
  32  4:19  Supply Depot  
  32  4:22  Marine  
  33  4:24  SCV  
  33  4:29  Starport  
  34  4:36  SCV  
  35  4:40  Marine  
  35  4:41  Marauder  
  35  4:42  Supply Depot  
  38  4:48  SCV  
  39  4:58  Marauder  
  41  5:01  SCV  
  41  5:02  Marauder  
  41  5:06  Supply Depot  
  44  5:08  Medivac  
  46  5:20  Marauder  
  48  5:25  Marine, Marauder  
  48  5:27  Engineering Bay  
  50  5:41  Marine  
  51  5:46  Command Center, Marauder  
  53  5:54  Terran Infantry Weapons Level 1  
  53  5:59  Marauder  
  53  6:03  Supply Depot  
  55  6:08  Marauder  
  57  6:11  Combat Shield  
  57  6:23  Engineering Bay  
  57  6:25  Barracks Reactor  
  57  6:27  Marine  
  57  6:30  Marine  
  59  6:43  Factory Tech Lab  
  59  6:45  Marauder  
  61  6:49  Terran Infantry Armor Level 1  
  61  6:52  Supply Depot  
  63  6:54  Marauder  
  63  6:58  SCV  
  63  7:00  SCV  
  65  7:05  Siege Tank  
  68  7:10  SCV  
  68  7:12  SCV  
  70  7:23  SCV  
  70  7:24  SCV  
  70  7:28  Refinery  
  72  7:35  SCV  
  72  7:36  SCV  
  72  7:37  Missile Turret, Siege Tank  
  77  7:47  SCV  
  77  7:48  Command Center  
  78  7:53  Orbital Command  
  78  7:59  SCV  
  78  8:05  Supply Depot  
  79  8:09  Siege Tank  
  79  8:11  SCV  
  83  8:21  Missile Turret  
  83  8:23  SCV  
  83  8:24  SCV  
  85  8:30  Supply Depot  
  85  8:35  SCV  
  85  8:38  SCV  
  85  8:39  Barracks  
  90  8:41  Siege Tank, Starport Reactor  
  90  8:47  SCV  
  91  8:49  Armory  
  91  8:56  SCV  
  91  8:59  SCV x2  
  94  9:05  Marine  
  94  9:07  Marine  
  94  9:08  SCV  
  94  9:09  Marine x2  
  80  9:16  SCV  
  69  9:24  Marauder  
  69  9:25  Marine  
  70  9:31  Marine  
  70  9:33  Marine  
  70  9:34  Marine, SCV  
  70  9:37  Terran Infantry Weapons Level 2  
  73  9:43  Marauder  
  73  9:44  Marine  
  70  9:49  Marine  
  70  9:50  SCV  
  70  9:51  Marine, SCV  
  70  9:52  Marine  
  66  10:01  Siege Tank  
  66  10:02  SCV, Marine  
  66  10:03  SCV  
  66  10:05  Marauder  
  74  10:07  Marine  
  74  10:10  Marine  
  74  10:14  SCV  
  76  10:15  SCV  
  76  10:20  Marine  
  76  10:21  Marauder  
  80  10:25  Liberator  
  80  10:26  SCV, Marauder  
  80  10:27  SCV  
  86  10:33  Siege Tank  
  89  10:38  SCV  
  89  10:39  Liberator, SCV  
  89  10:40  Supply Depot  
  89  10:42  Marauder  
  82  10:50  SCV, Marine  
  82  10:51  Marine  
  82  10:53  Marine  
  82  10:54  Marine  
  81  11:01  Refinery  
  81  11:03  SCV, Marauder  
  81  11:04  SCV  
  81  11:05  Siege Tank  
  81  11:07  Liberator  
  81  11:08  Marine  
  81  11:10  Marine x2  
  91  11:12  Marine  
  91  11:16  SCV  
  92  11:18  Supply Depot  
  92  11:21  Liberator  
  92  11:22  SCV  
  92  11:24  Marine  
  90  11:27  Marauder, Marine  
  90  11:28  SCV  
  90  11:29  Marine  
  92  11:33  Marine  
  92  11:34  SCV  
  91  11:40  SCV  
  91  11:41  Siege Tank  
  91  11:43  Marauder  
  91  11:45  Marine  
  91  11:46  SCV  
  95  11:48  Marauder  
  95  11:50  Liberator  
  95  11:52  SCV  
  95  11:53  Marine  
  93  11:57  Marine  
  94  12:03  Marine  
  94  12:04  Marauder, Liberator  
  99  12:09  Marauder  
  99  12:10  Marine  
  99  12:14  Marine  
  103  12:16  Supply Depot  
  103  12:21  Marine  
  104  12:25  Marauder  
  104  12:28  Marine  
  101  12:30  Marine  
  101  12:32  Marine  
  101  12:33  Medivac  
  97  12:39  Marine  
  93  12:46  Marine  
  93  12:47  Marauder, Liberator  
  93  12:48  Marauder  
  100  12:51  Marine  
  101  12:59  Marine  
  101  13:03  Liberator  
  101  13:04  Marine  
  106  13:08  Marauder  
  106  13:09  Marine  
  106  13:10  Marauder  
  108  13:17  Marine  
  103  13:22  Marine  
  103  13:26  Siege Tank  
  105  13:30  Marauder, Liberator  
  105  13:31  Marauder  
  112  13:37  Supply Depot  
  112  13:51  Marauder  
  112  13:53  Marauder  
  103  13:56  Marine  
  103  13:58  Marine, Siege Tank  
  103  14:00  Marine  
  89  14:12  Marauder  
  89  14:14  Marauder  
Tags
 
Matchup
TvT
Race
Terran
Spawn Locations
Cross Positions
Add a new tag
Caveats
  • Supply blocks, unpowered buildings, or Contaminate may cause inaccurate times.
  • Supply counts are checked every 10 seconds.